[Event "ICC tourney 2349 (60 10)"]
[Site "Internet Chess Club"]
[Date "2021.01.30"]
[Round "2"]
[White "aarm2008"]
[Black "H2ODerp"]
[Result "0-1"]
[ICCResult "White resigns"]
[WhiteElo "1709"]
[BlackElo "2075"]
[Opening "French: Wing gambit"]
[ECO "C00"]
[NIC "FR.01"]
[Time "13:00:48"]
[PlyCount "64"]
[TimeControl "3600+10"]

1. e4 e6 2. Nf3 d5 3. e5 c5 4. b4 cxb4 5. a3 Nc6 6. axb4 Bxb4 7. c3 Be7 8.
d4 Bd7 9. Bd3 f5 10. O-O Nh6 11. h3 Nf7 12. Be3 a6 13. Nbd2 b5 14. Qe2 Na5
15. Ra2 Nc4 16. Nxc4 bxc4 17. Bc2 O-O 18. Rfa1 Bb5 19. Ba4 Rb8 20. Bxb5
axb5 21. Ra6 Qd7 22. Ra7 Rb7 23. Qa2 Rfb8 24. Rxb7 Rxb7 25. Qa8+ Bf8 26.
Bd2 Rc7 27. Ra6 Nd8 28. Rb6 Ra7 29. Qb8 Nc6 30. Rxc6 Ra1+ 31. Kh2 Qxc6 32.
Ng5 Ra8 { White resigns } 0-1

[Event "ICC tourney 2349 (60 10)"]
[Site "Internet Chess Club"]
[Date "2021.01.30"]
[Round "2"]
[White "raawad"]
[Black "tomkunisky"]
[Result "1/2-1/2"]
[ICCResult "White stalemated"]
[WhiteElo "1442"]
[BlackElo "993"]
[Opening "QGD Slav defense"]
[ECO "D10"]
[NIC "SL.01"]
[Time "13:01:25"]
[PlyCount "110"]
[TimeControl "3600+10"]

1. d4 d5 2. c4 c6 3. e3 Nf6 4. Nc3 Bf5 5. Nf3 e6 6. Be2 Bd6 7. O-O O-O 8.
Nh4 Bg6 9. Nxg6 hxg6 10. Bd2 Nbd7 11. Qc2 dxc4 12. Bxc4 Rc8 13. Ne4 Nxe4
14. Qxe4 Nf6 15. Qd3 c5 16. dxc5 Bxh2+ 17. Kxh2 Qxd3 18. Bxd3 Rfd8 19. Bc3
Rxd3 20. Bxf6 gxf6 21. b4 Rd5 22. g3 Kf8 23. Kg2 Ke7 24. a3 Kd7 25. Rfd1
Kc6 26. Rxd5 exd5 27. Rd1 a5 28. bxa5 Ra8 29. Rd3 Rxa5 30. Kf3 Kxc5 31.
Rc3+ Kd6 32. Rb3 Kc6 33. Rd3 f5 34. Kf4 f6 35. Kf3 Ra4 36. Ke2 g5 37. Rc3+
Rc4 38. Kd3 Rxc3+ 39. Kxc3 Kc5 40. Kd3 f4 41. gxf4 gxf4 42. exf4 f5 43. a4
b6 44. Kc3 d4+ 45. Kd3 Kd5 46. f3 Kc5 47. Kc2 Kc4 48. Kd2 d3 49. a5 bxa5
50. Kc1 Kc3 51. Kb1 Kd2 52. Kb2 Ke2 53. Kc3 d2 54. Kb2 d1=Q 55. Ka3 Qc2 {
White stalemated } 1/2-1/2

[Event "ICC tourney 2349 (60 10)"]
[Site "Internet Chess Club"]
[Date "2021.01.30"]
[Round "2"]
[White "TeeKay2020"]
[Black "kaiphoenix"]
[Result "0-1"]
[ICCResult "White resigns"]
[WhiteElo "1763"]
[BlackElo "1532"]
[Opening "Sicilian: Scheveningen (Paulsen), classical variation"]
[ECO "B84"]
[NIC "SI.23"]
[Time "13:01:58"]
[PlyCount "80"]
[TimeControl "3600+10"]

1. e4 c5 2. Nf3 d6 3. d4 cxd4 4. Nxd4 Nf6 5. Nc3 a6 6. Be2 e6 7. Be3 Nbd7
8. O-O Be7 9. f4 O-O 10. Qd2 Qc7 11. Bf3 Rb8 12. f5 Ne5 13. Be2 b5 14. fxe6
fxe6 15. Bd3 Bd7 16. Nce2 Nc4 17. Bxc4 bxc4 18. c3 Nxe4 19. Qc2 d5 20. Nf3
Bc5 21. Bd4 Rbe8 22. Qd1 e5 23. Bxc5 Qxc5+ 24. Kh1 Nf2+ 25. Rxf2 Qxf2 26.
Nfg1 Bc6 27. Nh3 Qe3 28. Qc2 d4 29. cxd4 Qxh3 30. Qxc4+ Qe6 31. Qxe6+ Rxe6
32. dxe5 Rf2 33. Nd4 Rg6 34. Nxc6 Rxc6 35. Re1 Re6 36. Kg1 Rxb2 37. Rd1
Rxe5 38. Rd8+ Kf7 39. Rd7+ Re7 40. Rxe7+ Kxe7 { White resigns } 0-1

[Event "ICC tourney 2349 (60 10)"]
[Site "Internet Chess Club"]
[Date "2021.01.30"]
[Round "2"]
[White "ETfhonehome"]
[Black "colorfulcake"]
[Result "0-1"]
[ICCResult "White checkmated"]
[WhiteElo "1303"]
[BlackElo "1516"]
[Opening "French: Winawer, advance, Bogolyubov variation"]
[ECO "C17"]
[NIC "FR.10"]
[Time "13:00:47"]
[PlyCount "118"]
[TimeControl "3600+10"]

1. e4 e6 2. Nc3 d5 3. d4 Bb4 4. e5 c5 5. Bd2 cxd4 6. Nb5 Bxd2+ 7. Qxd2 Nc6
8. f4 Nge7 9. Nd6+ Kf8 10. O-O-O Bd7 11. Nf3 Nc8 12. Nxb7 Qb6 13. Nd6 Nxd6
14. exd6 Rb8 15. b3 Nb4 16. a3 Na2+ 17. Kb2 Nc3 18. Re1 Qxd6 19. Qxd4 Na4+
20. Ka2 Nb6 21. Ne5 Qc7 22. Nxd7+ Nxd7 23. f5 Qxc2+ 24. Qb2 Qxf5 25. Be2
Nc5 26. Rhf1 Qg6 27. Rc1 Nd7 28. Qd2 Ke7 29. Bd3 Qh5 30. h3 Rhc8 31. Rxc8
Rxc8 32. Qb4+ Ke8 33. Kb2 Qe5+ 34. Ka2 Qc3 35. Qxc3 Rxc3 36. Bb5 f6 37. Kb2
Rg3 38. Rf2 Ke7 39. a4 Nc5 40. Rc2 Kd6 41. Ka2 e5 42. b4 Ne6 43. Rc6+ Ke7
44. Rc2 d4 45. Bc6 d3 46. Rd2 f5 47. b5 Nd4 48. Bd5 e4 49. Kb2 e3 50. Rxd3
e2 51. Rxg3 e1=Q 52. Rxg7+ Kd6 53. Bc4 Qb4+ 54. Ka1 Qc3+ 55. Kb1 Qc2+ 56.
Ka1 Qc1+ 57. Ka2 Qxc4+ 58. Kb2 Qb3+ 59. Ka1 Nc2# { White checkmated } 0-1

[Event "ICC tourney 2349 (60 10)"]
[Site "Internet Chess Club"]
[Date "2021.01.30"]
[Round "2"]
[White "Strawberrydevil"]
[Black "Thoshan"]
[Result "1/2-1/2"]
[ICCResult "Game drawn by mutual agreement"]
[WhiteElo "1668"]
[BlackElo "1916"]
[Opening "Giuoco Piano"]
[ECO "C54"]
[NIC "IG.02"]
[Time "13:01:38"]
[PlyCount "129"]
[TimeControl "3600+10"]

1. e4 e5 2. Nf3 Nc6 3. Bc4 Bc5 4. c3 Nf6 5. d3 d6 6. Bb3 h6 7. Nbd2 O-O 8.
Nf1 d5 9. exd5 Nxd5 10. Ng3 Nf6 11. O-O Re8 12. Re1 Bb6 13. Ba4 Qd6 14. Be3
Bd7 15. Bxb6 axb6 16. d4 exd4 17. Rxe8+ Bxe8 18. Bxc6 Bxc6 19. Nxd4 Bd5 20.
Ngf5 Qf8 21. Qd2 Rd8 22. Qf4 c5 23. Nb5 Bc6 24. a4 Nd5 25. Qg3 Kh8 26. Rd1
g6 27. Nfd6 Bxb5 28. Nxb5 Nc7 29. Nd6 Ne6 30. Rd3 Nd4 31. Nxf7+ Qxf7 32.
cxd4 cxd4 33. Qh4 Rc8 34. Qxh6+ Kg8 35. Rh3 Qg7 36. Qg5 Qf6 37. Qd5+ Qf7
38. Qxf7+ Kxf7 39. Kf1 Rc1+ 40. Ke2 Rc2+ 41. Kd3 Rxb2 42. Rf3+ Ke6 43. Rf4
Ke5 44. Re4+ Kf5 45. g4+ Kg5 46. Rxd4 Rxf2 47. Ke3 Rxh2 48. Rb4 Rh3+ 49.
Kf2 Ra3 50. Kg2 Kh4 51. Rxb6 Rxa4 52. Rxb7 Kxg4 53. Rb3 Ra2+ 54. Kg1 g5 55.
Rb4+ Kh3 56. Rb3+ Kh4 57. Rb4+ g4 58. Rb3 g3 59. Rb8 Ra5 60. Kg2 Ra2+ 61.
Kg1 Kh3 62. Rh8+ Kg4 63. Rg8+ Kf3 64. Rf8+ Kg4 65. Rg8+ { Game drawn by
mutual agreement } 1/2-1/2

[Event "ICC tourney 2349 (60 10)"]
[Site "Internet Chess Club"]
[Date "2021.01.30"]
[Round "2"]
[White "MagicStar"]
[Black "Basher22"]
[Result "1-0"]
[ICCResult "Black resigns"]
[WhiteElo "2059"]
[BlackElo "1759"]
[Opening "Sicilian: Canal-Sokolsky attack, 3...Bd7"]
[ECO "B52"]
[NIC "SI.01"]
[Time "13:00:52"]
[PlyCount "83"]
[TimeControl "3600+10"]

1. e4 c5 2. Nf3 d6 3. Bb5+ Bd7 4. Bxd7+ Qxd7 5. O-O g6 6. c3 Nf6 7. e5 dxe5
8. Nxe5 Qc7 9. Re1 Bg7 10. Na3 O-O 11. d3 Nbd7 12. Nec4 Nd5 13. Qf3 N7f6
14. Bg5 a6 15. Bh4 Rac8 16. Ne5 b6 17. Bg3 Qd8 18. h3 Re8 19. Rad1 Rf8 20.
Nc2 b5 21. c4 Nb4 22. Nxb4 cxb4 23. Nc6 Rxc6 24. Qxc6 bxc4 25. dxc4 Qc8 26.
Qxc8 Rxc8 27. Rxe7 h5 28. b3 a5 29. Ra7 Ne4 30. Bf4 Nc3 31. Rd2 Ne4 32.
Rdd7 Bf8 33. Be3 Nd6 34. Rxa5 Nf5 35. Bd2 Re8 36. Rb7 Nd6 37. Rb6 Nc8 38.
Rbb5 Nd6 39. Re5 Rb8 40. Ra4 Nf5 41. Rb5 Rd8 42. Bxb4 { Black resigns } 1-0

[Event "ICC tourney 2349 (60 10)"]
[Site "Internet Chess Club"]
[Date "2021.01.30"]
[Round "2"]
[White "outpost"]
[Black "espark"]
[Result "0-1"]
[ICCResult "White forfeits on time"]
[WhiteElo "1799"]
[BlackElo "2322"]
[Opening "Dutch: Leningrad, main variation with c6"]
[ECO "A88"]
[NIC "HD.05"]
[Time "13:00:46"]
[PlyCount "72"]
[TimeControl "3600+10"]

1. d4 f5 2. c4 Nf6 3. Nc3 g6 4. Nf3 Bg7 5. g3 O-O 6. Bg2 d6 7. O-O c6 8.
Qc2 Na6 9. a3 Bd7 10. b3 Qe8 11. Bb2 e5 12. e3 h6 13. Rfd1 g5 14. dxe5 dxe5
15. Ne2 Ne4 16. Rac1 Rd8 17. Nd2 Nf6 18. Re1 Bc8 19. Rcd1 Nc5 20. Nb1 e4
21. Nc1 Rxd1 22. Rxd1 Qh5 23. b4 Ne6 24. Bxf6 Bxf6 25. Rd2 Be5 26. Nb3 Qg6
27. Nd4 Qf6 28. Qd1 Rd8 29. Ne2 Rxd2 30. Qxd2 Nc7 31. Nbc3 Be6 32. c5 Bc4
33. Qd7 Ne6 34. Qe8+ Nf8 35. Nd4 Bxd4 36. exd4 Qxd4 { White forfeits on
time } 0-1

[Event "ICC tourney 2349 (60 10)"]
[Site "Internet Chess Club"]
[Date "2021.01.30"]
[Round "2"]
[White "RogerZ"]
[Black "Aeneas"]
[Result "1-0"]
[ICCResult "Black resigns"]
[WhiteElo "1930"]
[BlackElo "1690"]
[Opening "Sicilian: Kan, Polugaievsky variation"]
[ECO "B42"]
[NIC "SI.42"]
[Time "13:01:38"]
[PlyCount "125"]
[TimeControl "3600+10"]

1. e4 c5 2. Nf3 e6 3. d4 cxd4 4. Nxd4 a6 5. Bd3 Bc5 6. Nb3 Ba7 7. O-O Ne7
8. Nc3 Nbc6 9. Kh1 O-O 10. Qe2 d6 11. Be3 Bxe3 12. Qxe3 Nb4 13. Rfd1 Qc7
14. f4 Rd8 15. a3 Nxd3 16. Qxd3 b6 17. e5 d5 18. Nd4 Qc4 19. Qf3 b5 20. b4
Bb7 21. Nb3 Rac8 22. Nc5 Rxc5 23. bxc5 Qxc5 24. Ne4 Qc7 25. Nd6 Nf5 26.
Nxf5 exf5 27. Qd3 Qd7 28. Rd2 Rc8 29. Rb1 Rc5 30. Rb4 a5 31. Rb3 g6 32. Rc3
Qc7 33. Rxc5 Qxc5 34. Rd1 Bc6 35. Ra1 Kg7 36. c3 a4 37. Qd4 Qe7 38. Qb6 Qe6
39. Qc5 Qe8 40. Qd6 Qc8 41. Qf6+ Kg8 42. Rd1 Qe8 43. Re1 Qe6 44. Qxe6 fxe6
45. Kg1 Kf7 46. Kf2 Ke7 47. Ke3 Kd7 48. Kd4 Kc8 49. Kc5 Kc7 50. Rb1 h6 51.
Rxb5 Bxb5 52. Kxb5 g5 53. g3 gxf4 54. gxf4 h5 55. h4 Kb7 56. Kxa4 Kc6 57.
Kb4 Kb6 58. a4 Ka6 59. Kc5 Ka5 60. Kd6 Kxa4 61. Kxe6 Kb3 62. Kxd5 Kxc3 63.
e6 { Black resigns } 1-0

[Event "ICC tourney 2349 (60 10)"]
[Site "Internet Chess Club"]
[Date "2021.01.30"]
[Round "2"]
[White "turtlemasterjo"]
[Black "knasta"]
[Result "0-1"]
[ICCResult "White checkmated"]
[WhiteElo "1655"]
[BlackElo "1886"]
[Opening "Vienna game"]
[ECO "C28"]
[NIC "VG.02"]
[Time "13:01:03"]
[PlyCount "120"]
[TimeControl "3600+10"]

1. e4 e5 2. Nc3 Nf6 3. Bc4 Nc6 4. d3 Bc5 5. f4 d6 6. Nf3 a6 7. a3 Ng4 8.
Ng5 Rf8 9. Rf1 h6 10. Nf3 Nxh2 11. Rh1 Nxf3+ 12. gxf3 Nd4 13. fxe5 dxe5 14.
f4 Qd6 15. Nd5 Ne6 16. f5 Nd4 17. c3 Nxf5 18. exf5 Bxf5 19. Be3 Be6 20.
Bxc5 Qxc5 21. b4 Qc6 22. Qf3 Rd8 23. b5 Bxd5 24. Qxd5 Qxd5 25. Bxd5 Rxd5
26. bxa6 bxa6 27. Ke2 Rb5 28. Ke3 Kd7 29. a4 Rb3 30. c4 Ke6 31. Ke4 f5+ 32.
Ke3 Rd8 33. Rhd1 e4 34. Rab1 Rxb1 35. Rxb1 Rxd3+ 36. Ke2 Rc3 37. Rb4 a5 38.
Rb5 Rxc4 39. Rxa5 Kd6 40. Rxf5 Rxa4 41. Rf7 Ra2+ 42. Ke3 Rg2 43. Kxe4 c5
44. Kd3 Kd5 45. Rf5+ Kd6 46. Kc4 Rg4+ 47. Kb5 c4 48. Kb4 Ke6 49. Rc5 Kf6
50. Rxc4 Rxc4+ 51. Kxc4 Kg5 52. Kd3 Kg4 53. Ke2 Kg3 54. Kf1 g5 55. Kg1 g4
56. Kh1 Kf2 57. Kh2 g3+ 58. Kh3 g2 59. Kh2 g1=Q+ 60. Kh3 Qg3# { White
checkmated } 0-1

[Event "ICC tourney 2349 (60 10)"]
[Site "Internet Chess Club"]
[Date "2021.01.30"]
[Round "2"]
[White "AccuratePotato"]
[Black "Ososul"]
[Result "1-0"]
[ICCResult "Black checkmated"]
[WhiteElo "1748"]
[BlackElo "2133"]
[Opening "Queen's pawn game, Darooha variation "]
[ECO "E06"]
[NIC "CA.05"]
[Time "13:01:09"]
[PlyCount "111"]
[TimeControl "3600+10"]

1. d4 Nf6 2. Nf3 d5 3. g3 e6 4. Bg2 Be7 5. O-O O-O 6. c4 dxc4 7. Qa4 a6 8.
Qxc4 b5 9. Qc2 Bb7 10. Rd1 Nbd7 11. Nc3 c5 12. dxc5 Bxc5 13. Bg5 Qb6 14. e3
h6 15. Bf4 Bxf3 16. Bxf3 g5 17. Bxa8 Rxa8 18. Bd6 Bxd6 19. Qd3 Be7 20. Ne4
Nd5 21. Rac1 Ne5 22. Qb3 Rd8 23. Nc3 Nxe3 24. Rxd8+ Bxd8 25. Na4 bxa4 26.
Qxe3 Qxe3 27. fxe3 Bb6 28. Rc8+ Kg7 29. Ra8 Bxe3+ 30. Kg2 Nc4 31. b3 axb3
32. axb3 Nb6 33. Rxa6 e5 34. Kf3 Bg1 35. h3 f5 36. g4 Kf6 37. Ra5 Bd4 38.
gxf5 Kxf5 39. Rb5 h5 40. Ra5 Bc3 41. Rb5 Bd4 42. Ra5 Nc8 43. b4 Nd6 44. Ra6
e4+ 45. Kg2 Ke5 46. b5 Nc4 47. Rc6 Ne3+ 48. Kf2 Nd5+ 49. Kg3 e3 50. Kf3 Nc3
51. b6 e2 52. b7 e1=Q 53. b8=Q+ Kf5 54. Qf8+ Ke5 55. Qf6+ Kd5 56. Qd6# {
Black checkmated } 1-0

[Event "ICC tourney 2349 (60 10)"]
[Site "Internet Chess Club"]
[Date "2021.01.30"]
[Round "2"]
[White "Kyle2007"]
[Black "maxwellmassiah"]
[Result "1-0"]
[ICCResult "Black checkmated"]
[WhiteElo "2038"]
[BlackElo "1738"]
[Opening "Sicilian: Hungarian variation"]
[ECO "B27"]
[NIC "SI.43"]
[Time "13:01:09"]
[PlyCount "85"]
[TimeControl "3600+10"]

1. e4 c5 2. Nf3 g6 3. Bc4 Nc6 4. c3 Nf6 5. e5 d5 6. Bb5 Nd7 7. d4 Bg7 8.
O-O O-O 9. Bf4 Qb6 10. Bxc6 bxc6 11. Qd2 Rd8 12. b3 cxd4 13. cxd4 Bb7 14.
Nc3 Qa5 15. b4 Qa6 16. a4 Rac8 17. Qe3 Nf8 18. Nd2 Ne6 19. Rfb1 Nxf4 20.
Qxf4 Qd3 21. Rb3 Qf5 22. Qe3 f6 23. e6 Rd6 24. Re1 Rcd8 25. b5 Bc8 26. Nf3
Rxe6 27. Qd2 cxb5 28. Rxb5 Rxe1+ 29. Qxe1 Kf8 30. Rc5 a6 31. h3 Qe6 32. Qd2
h5 33. h4 Bb7 34. Qb2 Ba8 35. Qc2 Qf5 36. Qe2 Rc8 37. Qxa6 Re8 38. Qb5 Rd8
39. a5 g5 40. Qb6 Rc8 41. hxg5 fxg5 42. Nxg5 Rxc5 43. Qd8# { Black
checkmated } 1-0

[Event "ICC tourney 2349 (60 10)"]
[Site "Internet Chess Club"]
[Date "2021.01.30"]
[Round "2"]
[White "davika21"]
[Black "AstonRoberts"]
[Result "1/2-1/2"]
[ICCResult "Game drawn by repetition"]
[WhiteElo "1898"]
[BlackElo "1670"]
[Opening "Sicilian: Alapin's variation (2.c3)"]
[ECO "B22"]
[NIC "SI.47"]
[Time "13:00:50"]
[PlyCount "193"]
[TimeControl "3600+10"]

1. e4 c5 2. c3 Nf6 3. e5 Nd5 4. d4 cxd4 5. Nf3 d6 6. cxd4 Nc6 7. Bc4 Nb6 8.
Bb5 e6 9. Nc3 Be7 10. O-O O-O 11. Re1 Nb4 12. a3 N4d5 13. Ne4 dxe5 14. dxe5
Bd7 15. Bd3 Rc8 16. Bg5 Bxg5 17. Nexg5 h6 18. Ne4 Nf4 19. Nd6 Ba4 20. b3
Nxd3 21. Qxd3 Bc6 22. Nd4 Qg5 23. f3 Rcd8 24. Nxc6 bxc6 25. g3 Nc8 26. f4
Qh5 27. Qd1 Qxd1 28. Rexd1 Nxd6 29. exd6 Rd7 30. Rac1 Rc8 31. Rc5 Kf8 32.
Kf2 Ke8 33. Ke3 Rb7 34. b4 Kd7 35. g4 Rb5 36. Rd4 Rcb8 37. h4 a5 38. Rxb5
Rxb5 39. g5 axb4 40. axb4 Rd5 41. Rc4 Kxd6 42. Ke4 f6 43. gxf6 gxf6 44. Rc1
f5+ 45. Ke3 Rb5 46. Rd1+ Ke7 47. Rd4 Kf6 48. h5 c5 49. bxc5 Rxc5 50. Rd8
Rc3+ 51. Kf2 Rh3 52. Rf8+ Ke7 53. Ra8 Rxh5 54. Ra5 Rh4 55. Kg3 Rg4+ 56. Kf3
Kf6 57. Ra7 Rg7 58. Ra5 h5 59. Ra8 Rh7 60. Rf8+ Kg7 61. Re8 Kf7 62. Ra8 h4
63. Ra7+ Kg6 64. Ra6 Kf6 65. Ra8 h3 66. Ra1 Rh4 67. Rh1 Kg6 68. Kg3 Kh5 69.
Rxh3 Rxh3+ 70. Kxh3 Kg6 71. Kg2 Kf6 72. Kf2 Ke7 73. Ke3 Kd7 74. Kd3 Ke7 75.
Ke3 Kf7 76. Kf3 Kf6 77. Kf2 Kg6 78. Kg2 Kh5 79. Kh3 Kh6 80. Kh2 Kg7 81. Kg1
Kf7 82. Kf1 Ke7 83. Ke1 Kd7 84. Kd1 Kc7 85. Kc1 Kc6 86. Kc2 Kd6 87. Kd2 Kc6
88. Kc2 Kb6 89. Kb2 Ka5 90. Kc3 Kb5 91. Kb3 Kc5 92. Kc3 Kd6 93. Kd4 Ke7 94.
Ke3 Kf6 95. Kf2 Kg6 96. Kg2 Kh5 97. Kh3 { Game drawn by repetition }
1/2-1/2

[Event "ICC tourney 2349 (60 10)"]
[Site "Internet Chess Club"]
[Date "2021.01.30"]
[Round "3"]
[White "ChessTempest"]
[Black "Jerickjavier18"]
[Result "0-1"]
[ICCResult "White checkmated"]
[WhiteElo "1016"]
[BlackElo "1331"]
[Opening "Sicilian: Taimanov variation"]
[ECO "B45"]
[NIC "SI.39"]
[Time "16:01:50"]
[PlyCount "68"]
[TimeControl "3600+10"]

1. e4 c5 2. Nf3 Nc6 3. d4 cxd4 4. Nxd4 e6 5. Nc3 Bb4 6. Bd2 Nxd4 7. Bc4
Bxc3 8. Bxc3 Nc6 9. Bxg7 Nf6 10. Bxh8 Nxe4 11. O-O d5 12. Bd3 Nd6 13. c4
dxc4 14. Be4 Nxe4 15. Qxd8+ Kxd8 16. Rad1+ Kc7 17. Rc1 b5 18. Rfe1 Nd6 19.
Be5 Nxe5 20. Rxe5 Bb7 21. Rc5+ Kb6 22. Rh5 Rg8 23. f3 Rg7 24. Rd1 Kc7 25.
a3 Bxf3 26. Rd2 Bxh5 27. Re2 Bxe2 28. b4 Ne4 29. h3 c3 30. Kh2 c2 31. g4
c1=Q 32. a4 Qf4+ 33. Kh1 Qg3 34. axb5 Bf3# { White checkmated } 0-1

[Event "ICC tourney 2349 (60 10)"]
[Site "Internet Chess Club"]
[Date "2021.01.30"]
[Round "3"]
[White "syunmaximus"]
[Black "Pandemonium06"]
[Result "0-1"]
[ICCResult "White resigns"]
[WhiteElo "1112"]
[BlackElo "1378"]
[Opening "Dutch defense"]
[ECO "A84"]
[NIC "HD.10"]
[Time "16:01:12"]
[PlyCount "54"]
[TimeControl "3600+10"]

1. d4 f5 2. c4 e6 3. Nf3 Nf6 4. Bg5 Be7 5. e3 d6 6. Bd3 O-O 7. O-O Nc6 8.
Nc3 h6 9. Bxf6 Bxf6 10. b4 Nxb4 11. Rb1 Nc6 12. d5 Ne7 13. Ne2 e5 14. Bc2
Qe8 15. h3 Kh8 16. Ba4 Qh5 17. Ng3 Qg6 18. Bc2 e4 19. Nd4 Be5 20. f4 Bxd4
21. Qxd4 Qxg3 22. c5 Rf6 23. cxd6 Rxd6 24. Qe5 Rxd5 25. Qxe7 Rd2 26. Qf8+
Kh7 27. Qxf5+ Bxf5 { White resigns } 0-1

[Event "ICC tourney 2349 (60 10)"]
[Site "Internet Chess Club"]
[Date "2021.01.30"]
[Round "3"]
[White "HarperW"]
[Black "vsausemicheal"]
[Result "1/2-1/2"]
[ICCResult "Game drawn by repetition"]
[WhiteElo "1465"]
[BlackElo "1679"]
[Opening "Queen's pawn"]
[ECO "A40"]
[NIC "QO.17"]
[Time "16:01:14"]
[PlyCount "162"]
[TimeControl "3600+10"]

1. d4 c6 2. Bf4 d5 3. e3 e6 4. Nd2 Nf6 5. Ngf3 Ne4 6. Bd3 f5 7. Ne5 Qh4 8.
Nxe4 fxe4 9. Be2 Nd7 10. Bh5+ g6 11. Bxg6+ hxg6 12. Nxg6 Qh7 13. Nxh8 Qxh8
14. Qe2 e5 15. dxe5 Nxe5 16. Bxe5 Qxe5 17. Rb1 Bf5 18. Qh5+ Kd8 19. g4 Bb4+
20. c3 Bxc3+ 21. bxc3 Qxc3+ 22. Kf1 Bd7 23. h4 Kc7 24. Kg2 Rf8 25. Rhf1 Qd2
26. Qe5+ Kc8 27. Qg7 Rd8 28. h5 Qe2 29. h6 Qf3+ 30. Kh2 b6 31. Rbc1 c5 32.
h7 Qxg4 33. Qxg4 Bxg4 34. Kg3 Bf5 35. Rh1 Rh8 36. Rh4 Rxh7 37. Rxh7 Bxh7
38. Kf4 Bg6 39. Ke5 Bf7 40. Rg1 Kd7 41. Rg7 Ke7 42. Rh7 Kf8 43. Rxf7+ Kxf7
44. Kxd5 Kf6 45. Kxe4 Ke6 46. Kd3 Kf5 47. Kc3 Ke4 48. Kc4 Kf3 49. Kc3 Ke4
50. Kc4 a6 51. a4 Kf5 52. f3 Ke5 53. f4+ Ke4 54. Kc3 b5 55. axb5 axb5 56.
Kb3 c4+ 57. Kc3 Kd5 58. f5 Ke5 59. e4 Kf6 60. Kd4 Kg5 61. Kc3 Kf6 62. Kd4
Ke7 63. e5 Kf7 64. e6+ Kf6 65. Kc3 Ke7 66. Kd4 Kf6 67. Ke4 b4 68. Kd4 b3
69. Kc3 Ke7 70. Kb2 Kf6 71. Kc3 Ke7 72. Kb2 Kd6 73. Kc3 Ke7 74. Kb2 Kf6 75.
Kc3 Kg7 76. e7 Kf7 77. f6 Ke8 78. Kb2 Kd7 79. Kc3 Ke8 80. Kb2 Kf7 81. Kc3
Ke8 { Game drawn by repetition } 1/2-1/2

[Event "ICC tourney 2349 (60 10)"]
[Site "Internet Chess Club"]
[Date "2021.01.30"]
[Round "3"]
[White "Aeneas"]
[Black "Chesssmolbrain"]
[Result "1-0"]
[ICCResult "Black checkmated"]
[WhiteElo "1690"]
[BlackElo "1393"]
[Opening "Petrov's defense"]
[ECO "C42"]
[NIC "RG.03"]
[Time "16:01:50"]
[PlyCount "73"]
[TimeControl "3600+10"]

1. e4 e5 2. Nf3 Nf6 3. Nxe5 Nc6 4. Nxc6 dxc6 5. Nc3 Bc5 6. h3 Qd4 7. Qe2
O-O 8. d3 Re8 9. Be3 Qb4 10. Bxc5 Qxc5 11. O-O-O a5 12. f4 b5 13. Qd2 b4
14. Nb1 a4 15. g4 b3 16. a3 Nd7 17. c3 Nf8 18. f5 Bb7 19. g5 Rad8 20. Qf4
g6 21. d4 Qe7 22. Bd3 gxf5 23. Qxf5 Qe6 24. Qf6 c5 25. d5 Qe5 26. h4 Rd6
27. Qf3 Ba6 28. Nd2 Ng6 29. Bxa6 Rxa6 30. Rdf1 Re7 31. h5 Nf8 32. Rfg1 Kh8
33. g6 Rf6 34. g7+ Kg8 35. gxf8=Q+ Kxf8 36. Qg4 Ke8 37. Qc8# { Black
checkmated } 1-0

[Event "ICC tourney 2349 (60 10)"]
[Site "Internet Chess Club"]
[Date "2021.01.30"]
[Round "3"]
[White "IcePotato"]
[Black "upcomingmaster"]
[Result "0-1"]
[ICCResult "White checkmated"]
[WhiteElo "1298"]
[BlackElo "1654"]
[Opening "QGD: semi-Slav"]
[ECO "D10"]
[NIC "SL.06"]
[Time "16:00:59"]
[PlyCount "120"]
[TimeControl "3600+10"]

1. d4 c6 2. c4 d5 3. Nc3 e6 4. Nf3 Bd6 5. Bg5 Nf6 6. e3 h6 7. Bh4 Nbd7 8.
Be2 O-O 9. O-O Qe8 10. Qc2 Nh7 11. cxd5 cxd5 12. Bd3 f5 13. Bg3 Bxg3 14.
hxg3 Nhf6 15. Qe2 Ne4 16. Ne5 Nxe5 17. dxe5 Bd7 18. g4 g5 19. gxf5 exf5 20.
Nxd5 Qxe5 21. Bc4 Be6 22. Rfd1 Rad8 23. f3 Ng3 24. Qd2 Rd7 25. Qd4 Qxd4 26.
Rxd4 Bxd5 27. Rxd5 Rxd5 28. Bxd5+ Kg7 29. Kf2 f4 30. Rc1 Rd8 31. Rd1 b6 32.
exf4 gxf4 33. Bb3 Rxd1 34. Bxd1 Nf5 35. Bc2 Nd4 36. Be4 Kf6 37. g3 Ke5 38.
gxf4+ Kxf4 39. b3 a5 40. Bd5 h5 41. a3 h4 42. b4 axb4 43. axb4 h3 44. Be4
h2 45. Kg2 h1=Q+ 46. Kxh1 Nxf3 47. Bc6 Nd4 48. b5 Ke3 49. Kg2 Kd3 50. Kg3
Kc4 51. Kf4 Nxb5 52. Bxb5+ Kxb5 53. Ke4 Kc4 54. Ke3 Kc3 55. Ke4 b5 56. Kd5
b4 57. Kc5 b3 58. Kb5 b2 59. Ka4 b1=Q 60. Ka3 Qb3# { White checkmated } 0-1

[Event "ICC tourney 2349 (60 10)"]
[Site "Internet Chess Club"]
[Date "2021.01.30"]
[Round "3"]
[White "Baseballchamp"]
[Black "Strawberrydevil"]
[Result "1-0"]
[ICCResult "Black resigns"]
[WhiteElo "1925"]
[BlackElo "1668"]
[Opening "French: Tarrasch, open variation"]
[ECO "C07"]
[NIC "FR.18"]
[Time "16:01:10"]
[PlyCount "57"]
[TimeControl "3600+10"]

1. e4 e6 2. d4 d5 3. Nd2 c5 4. Bb5+ Nc6 5. Ngf3 Bd7 6. exd5 exd5 7. O-O
Nxd4 8. Nxd4 cxd4 9. Re1+ Be7 10. Qg4 Bxb5 11. Qxg7 Qa5 12. Qxh8 O-O-O 13.
Qxd4 Bf6 14. Qc5+ Kb8 15. a4 a6 16. Ra3 Bxb2 17. Bxb2 Qxd2 18. Bc3 Qf4 19.
Be5+ Qxe5 20. Rxe5 f6 21. Rxd5 Re8 22. h3 Rc8 23. Qd6+ Ka7 24. axb5 Nh6 25.
Rxa6+ bxa6 26. Qxa6+ Kb8 27. Qb6+ Ka8 28. Rd4 Rc7 29. Ra4+ { Black resigns
} 1-0

[Event "ICC tourney 2349 (60 10)"]
[Site "Internet Chess Club"]
[Date "2021.01.30"]
[Round "3"]
[White "K624"]
[Black "madscience08"]
[Result "0-1"]
[ICCResult "White checkmated"]
[WhiteElo "1378"]
[BlackElo "1604"]
[Opening "Sicilian: closed"]
[ECO "B23"]
[NIC "SI.44"]
[Time "16:01:08"]
[PlyCount "76"]
[TimeControl "3600+10"]

1. e4 c5 2. Nc3 d6 3. g3 Nf6 4. Bg2 e6 5. Nge2 Be7 6. d3 O-O 7. O-O Nc6 8.
f4 d5 9. Qe1 dxe4 10. dxe4 Nd4 11. Qd1 Nxe2+ 12. Qxe2 a6 13. Rd1 Qc7 14.
Be3 Bd7 15. Bf2 e5 16. f5 h6 17. Re1 Bc6 18. Rad1 Rfd8 19. Rxd8+ Rxd8 20.
Rd1 Rxd1+ 21. Qxd1 b5 22. Qe2 b4 23. Nd1 Qb7 24. Qc4 Bxe4 25. Bxe4 Nxe4 26.
Be3 Qd7 27. Qxe4 Qxd1+ 28. Kg2 Qe2+ 29. Kh3 Qf1+ 30. Kg4 h5+ 31. Kxh5 Qh3+
32. Qh4 Bxh4 33. gxh4 Qxf5+ 34. Bg5 f6 35. a3 fxg5 36. hxg5 g6+ 37. Kh6 Kf7
38. axb4 Qh3# { White checkmated } 0-1

[Event "ICC tourney 2349 (60 10)"]
[Site "Internet Chess Club"]
[Date "2021.01.30"]
[Round "3"]
[White "Icecream232"]
[Black "niftyfountain"]
[Result "0-1"]
[ICCResult "White resigns"]
[WhiteElo "1661"]
[BlackElo "1357"]
[Opening "Sicilian, Chekhover variation"]
[ECO "B53"]
[NIC "SI.02"]
[Time "16:01:44"]
[PlyCount "54"]
[TimeControl "3600+10"]

1. e4 c5 2. Nf3 d6 3. d4 cxd4 4. Qxd4 Nc6 5. Bb5 Bd7 6. Bxc6 Bxc6 7. Nc3
Nf6 8. Bg5 e6 9. O-O-O Be7 10. Bxf6 gxf6 11. Qd3 Qb6 12. Nd4 O-O-O 13. Nxc6
Qxc6 14. Rhe1 Kb8 15. f3 Rhg8 16. Qe2 a6 17. Rd3 Rc8 18. Kb1 Rgd8 19. Red1
Qc4 20. R3d2 Qxe2 21. Rxe2 Rc6 22. g3 Rdc8 23. f4 Rb6 24. a3 Rxc3 25. e5 d5
26. exf6 Bxf6 27. Ka2 Rc8 { White resigns } 0-1